 Dungeon Crawl Stone Soup version 0.17-a0-1842-gacc33f2 (webtiles) character file.

61 kae the Poker (level 4, -21/42 HPs)
             Began as a Naga Fighter on Sept 17, 2015.
             Killed from afar by Ijyb (29 damage)
             ... with a wand of lightning
             ... on level 3 of the Dungeon.
             The game lasted 00:01:52 (1788 turns).

kae the Poker (Naga Fighter)                        Turns: 1788, Time: 00:01:52

Health: -21/42     AC:  4    Str: 25      XL:     4   Next: 7%
Magic:  4/4        EV:  5    Int:  4 (8)  God:
Gold:   99         SH:  9    Dex: 10      Spells: 0 memorised, 3 levels left

rFire  . . .     SeeInvis +     a - +0 trident
rCold  . . .     Clarity  .     b - +0 scale mail
rNeg   . . .     SustAt   .     c - +0 shield
rPois  +         Gourm    .     (no helmet)
rElec  .         Spirit   .     (no cloak)
rCorr  .         Warding  .     (no gloves)
rMut   .         Stasis   .     (no barding)
MR     .....                    (no amulet)
Stlth  ..........               (no ring)
                                (no ring)

@: mighty, very slow, not resistant to hostile enchantments, extremely
unstealthy
A: see invisible, deformed body, poison resistance, slowness 2, slow metabolism
1, spit poison 2, AC +1
a: Spit Poison


You were on level 3 of the Dungeon.
You were hungry.

You visited 1 branch of the dungeon, and saw 3 of its levels.

You collected 99 gold pieces.

Inventory:

Hand weapons
 a - a +0 trident (weapon)
Armour
 b - a +0 scale mail (worn)
 c - a +0 shield (worn)
Jewellery
 p - an uncursed ring of ice
Scrolls
 f - 2 scrolls of fear {unknown}
 g - a scroll of remove curse {unknown}
 h - a scroll of teleportation {unknown}
 i - 3 scrolls of identify {unknown}
 k - 2 scrolls of random uselessness {unknown}
 n - a scroll of enchant weapon {unknown}
 o - 2 scrolls of enchant armour {unknown}
 q - a scroll of magic mapping {unknown}
 s - a scroll of recharging {unknown}
Comestibles
 e - 3 bread rations
 l - a meat ration
 m - a slice of pizza


   Skills:
 - Level 3.0 Fighting
 + Level 4.2 Polearms
 - Level 2.4 Armour
 - Level 2.4 Shields


You had 3 spell levels left.
You didn't know any spells.

Dungeon Overview and Level Annotations

Branches:
Dungeon (3/15)

Altars:

Annotations:
D:3 Ijyb


Innate Abilities, Weirdness & Mutations

You cannot wear boots.
Your serpentine skin is tough (AC +1).
You have supernaturally acute eyesight.
Armour fits poorly on your strangely shaped body.
Your system is resistant to poisons.
You cover ground very slowly.
You have a slow metabolism.
You can spit poison.


Message History

Drink which item? (? for menu, Esc to quit)
It was a potion of degeneration.
There was something very wrong with that liquid.
You feel dopey. You block the hobgoblin's attack.
Ijyb zaps a wand.
The bolt of lightning misses you.
Drink which item? (? for menu, Esc to quit)
It was a potion of curing.
You feel better. You block the hobgoblin's attack.
Ijyb zaps a wand.
The bolt of lightning hits you!
* * * LOW HITPOINT WARNING * * *
Drink which item? (? for menu, Esc to quit)
You feel very mighty all of a sudden.
The hobgoblin hits you but does no damage.
Unknown command.
You hit the ball python.
You kill the ball python!
The hobgoblin completely misses you.
Ijyb zaps a wand.
The bolt of lightning hits you!
Ouch! That really hurt!
You die...

########### .
#.........#
..##.........#
...........#
#.........#
#..g......#
#..g@.....#
#.........#
#.........#
#.....)...#
#........!#
#.........#
#.........#
#####.#####
#.#


You could see Ijyb and a hobgoblin.

Vanquished Creatures
  An adder (D:1)
  An ooze (D:1)
  A worm (D:2)
  2 giant geckos (D:2)
  6 bats
  7 goblins
  6 hobgoblins
  4 jackals (D:1)
  3 ball pythons
  2 giant newts
  4 kobolds
  3 rats
40 creatures vanquished.

Vanquished Creatures (others)
  An orc (D:3)
  A giant newt (D:3)
2 creatures vanquished.

Grand Total: 42 creatures vanquished

Notes
Turn   | Place    | Note
--------------------------------------------------------------
     0 | D:1      | kae the Naga Fighter began the quest for the Orb.
     0 | D:1      | Reached XP level 1. HP: 21/21 MP: 1/1
   254 | D:1      | Reached XP level 2. HP: 26/28 MP: 2/2
   722 | D:1      | Reached XP level 3. HP: 30/34 MP: 3/3
  1338 | D:2      | Reached skill level 4 in Polearms
  1526 | D:2      | Reached XP level 4. HP: 42/42 MP: 4/4
  1781 | D:3      | Noticed Ijyb
  1788 | D:3      | Killed from afar by Ijyb

Vault maps used:
D:1:      sevenhm_arrival_forest_fort_large_4
D:3:      first_bread, nicolae_ru_sacrificial_ziggurat, uniq_iyjb

Action                   |  1- 3 |  4- 6 || total
-------------------------+-------+-------++-------
Melee: Trident           |   142 |     6 ||   148
  Use: Potion            |       |     3 ||     3
  Eat: Chunk             |     1 |       ||     1
